 Dungeon Crawl Stone Soup version 0.17.0-9-g801d43b (console) character file.

7790 gw the Basher (level 11, -13/103 HPs)
             Began as a Deep Dwarf Berserker on Nov 10, 2015.
             Was a Priest of Trog.
             Killed from afar by a wizard (44 damage)
             ... with a crystal spear
             ... on level 10 of the Dungeon.
             The game lasted 00:13:17 (10129 turns).

gw the Basher (Deep Dwarf Berserker)               Turns: 10129, Time: 00:13:17

Health: -13/103    AC: 18    Str: 21    XL:     11   Next: 1%
Magic:  0/0        EV:  7    Int:  8    God:    Trog [***...]
Gold:   518        SH:  0    Dex: 15    Spells: 0 memorised, 10 levels left

rFire  . . .     SeeInvis .     a - +0 morningstar
rCold  . . .     Clarity  .     b - +0 plate armour
rNeg   . . .     SustAt   .     (no shield)
rPois  .         Gourm    .     e - +0 helmet
rElec  .         Spirit   .     f - +0 cloak
rCorr  .         Warding  .     (no gloves)
rMut   .         Stasis   .     g - +0 pair of boots (curse)
MR     +++..                    (no amulet)
Stlth  ..........               (no ring)
                                (no ring)

@: non-regenerating, extremely resistant to hostile enchantments, extremely
unstealthy
A: damage resistance, recharge devices, sense surroundings 2, slow regeneration
3
a: Device Recharging, Berserk, Trog's Hand, Burn Spellbooks, Renounce Religion


You were on level 10 of the Dungeon.
You worshipped Trog.
Trog was most pleased with you.
You were very hungry.

You visited 1 branch of the dungeon, and saw 10 of its levels.

You collected 518 gold pieces.

Inventory:

Hand Weapons
 a - a +0 morningstar (weapon)
Missiles
 h - 9 poisoned bolts
Armour
 b - a +0 plate armour (worn)
 e - a +0 helmet (worn)
 f - a +0 cloak (worn)
 g - a cursed +0 pair of boots (worn)
Wands
 c - a wand of heal wounds (0)
Books
 i - an Akashic Record {forbidden}

   Spells                             Type                      Level
   a - Dispersal                      Translocation                6
   b - Malign Gateway                 Summoning/Translocation      7
   c - Disjunction                    Translocation                8
   d - Controlled Blink               Translocation                8
   Trog disapproves of the use of such an item.
Comestibles
 d - 4 bread rations


   Skills:
 + Level 8.2 Fighting
 * Level 12.2 Maces & Flails
 + Level 9.5 Armour
 - Level 2.1 Dodging


You had 10 spell levels left.
You didn't know any spells.

Dungeon Overview and Level Annotations

Branches:
Dungeon (10/15)            Temple (0/1) D:7            Lair (0/8) D:10
    Orc (0/4) D:10

Altars:
Cheibriados
Dithmenos
Elyvilon
Nemelex Xobeh
Okawaru
Qazlal
Ru
Trog
The Shining One

Annotations:
D:5 exclusion: downstairs


Innate Abilities, Weirdness & Mutations

You are resistant to damage.
You can recharge devices by infusing magical energy.
You passively map the area around you.
You do not regenerate naturally.


Message History

Unknown command.
Unknown command.
Unknown command.
ATTACK MOVE TO (-1,1)
You sock the wyvern skeleton!
You feel the effects of Trog's Hand fading.
The orc priest casts a cantrip, but nothing happens.
The wizard hits you but does no damage.
The wyvern skeleton bites you but does no damage.
Unknown command.
Unknown command.
Unknown command.
Unknown command.
ATTACK MOVE TO (-1,1)
You bludgeon the wyvern skeleton!!
You destroy the wyvern skeleton!
You hear some strange, mumbled words.
The wizard gestures at you while chanting.
The crystal spear hits you!
You die...

##################
"#...)#..........#
##....#......#...#
#....###.....##..#
....##.##...¤.##.#
...##...##?...)#.#
..##.....##...¤#y#
..#......¤#¤...#O#
..#...#.......##g#
..#...##¤...¤##yp#
..#....##¤¤¤##o{o#
.###....##¤##.5yy#
##.##....###y..y.#
#...##....#:.....#
.....##...#).....#
......#..¤#:.....#
..#.¤¤.¤¤.# , ,


You could see a wizard, 6 killer bees, an orc priest, a crimson imp, an orc and
a friendly ogre (berserk).

Table legend:
 A = Turns spent in this place as a percentage of turns spent in the entire game.
 B = Non-inter-level travel turns spent in this place as a percentage of non-inter-level travel turns spent in the entire game.
 C = Inter-level travel turns spent in this place as a percentage of turns spent in this place.
 D = Turns resting spent in this place as a percentage of non-inter-level travel turns spent in this place.
 E = Turns spent auto-exploring this place as a percentage of non-inter-level travel turns spent in this place.
 F = Non-inter-level travel turns spent in this place divided by the number of levels of this place that you've seen.
                   A       B       C       D       E      F
               +-------+-------+-------+-------+-------+----------------------
         Total | 100.0 | 100.0 |   0.5 |   0.2 |   2.0 | 1970.7
       Dungeon | 100.0 | 100.0 |   0.5 |   0.2 |   2.0 | 1970.7
               +-------+-------+-------+-------+-------+----------------------

Table legend:
 A = Kills in this place as a percentage of kills in entire the game.
 B = Kills by you in this place as a percentage of kills by you in the entire game.
 C = Kills by friends in this place as a percentage of kills by friends in the entire game.
 D = Other kills in this place as a percentage of other kills in the entire game.
 E = Experience gained in this place as a percentage of experience gained in the entire game.
 F = Experience gained in this place divided by the number of levels of this place that you have seen.
                   A       B       C       D       E      F
               +-------+-------+-------+-------+-------+----------------------
         Total | 100.0 | 100.0 | 100.0 |  -nan | 100.0 | 1112.9
       Dungeon | 100.0 | 100.0 | 100.0 |  -nan | 100.0 | 1112.9
               +-------+-------+-------+-------+-------+----------------------

Vanquished Creatures
  A wizard (D:10)
  The ghost of rchandra the Grave Robber, a novice SpNe of Nemelex Xobeh (D:7)
  A trapdoor spider zombie (D:10)
  A troll (D:9)
  A wyvern (D:8)
  4 yaks (D:10)
  A hungry ghost (D:8)
  A water moccasin (D:5)
  3 sky beasts
  A phantom (D:9)
  A black bear (D:8)
  2 necrophages (D:9)
  7 orc warriors
  6 ogres
  5 boggarts (D:10)
  2 big kobolds
  4 giant frogs
  A gnoll sergeant (D:8)
  4 scorpions
  A wyvern skeleton (D:8)
  5 killer bees (D:8)
  2 crimson imps (D:9)
  4 giant frog skeletons
  5 hounds
  6 orc priests
  2 quasits
  3 giant frog zombies
  A jelly (D:10)
  7 orc wizards
  Jessica (D:2)
  3 centaur skeletons
  4 iguanas
  7 worker ants
  A hound skeleton (D:7)
  2 hound zombies
  4 worker ant zombies
  Robin (D:2)
  6 adders
  11 gnolls
  An adder zombie (D:5)
  An ooze (D:6)
  3 adder skeletons
  2 worms
  5 giant geckos
  45 orcs
  A ball python (D:3)
  4 giant cockroaches
  8 goblins
  13 hobgoblins
  7 jackals
  5 quokkas
  8 bats
  3 giant newts
  2 goblin skeletons (D:9)
  A goblin zombie (D:9)
  2 hobgoblin zombies (D:9)
  20 kobolds
  A kobold zombie (D:9)
  2 orc skeletons (D:9)
  3 orc zombies (D:9)
  A quokka zombie (D:7)
  9 rats
270 creatures vanquished.

Vanquished Creatures (collateral kills)
  The ghost of ASSMAN the Reanimator, a novice HONe of Sif Muna (D:8)
  A wizard (D:10)
  An ogre (D:10)
  2 boggarts (D:10)
  A centaur (D:8)
  An adder zombie (D:8)
7 creatures vanquished.

Grand Total: 277 creatures vanquished

Notes
Turn   | Place    | Note
--------------------------------------------------------------
     0 | D:1      | gw the Deep Dwarf Berserker began the quest for the Orb.
     0 | D:1      | Reached XP level 1. HP: 20/20 MP: 1/1
   185 | D:1      | Reached XP level 2. HP: 27/27 MP: 2/2
   798 | D:1      | Reached ** piety under Trog
   825 | D:1      | Reached XP level 3. HP: 30/33 MP: 3/3
  1250 | D:2      | Found a bloodstained altar of Trog.
  1330 | D:2      | Noticed Robin
  1347 | D:2      | Killed Robin
  1347 | D:2      | Reached skill level 4 in Maces & Flails
  1877 | D:2      | Noticed Jessica
  1904 | D:2      | Killed Jessica
  1904 | D:2      | Reached XP level 4. HP: 27/42 MP: 4/4
  2717 | D:4      | Reached skill level 5 in Maces & Flails
  2717 | D:4      | Reached XP level 5. HP: 39/49 MP: 5/5
  2909 | D:4      | Reached *** piety under Trog
  3405 | D:4      | Found a sparkling altar of Nemelex Xobeh.
  3460 | D:5      | Entered Level 5 of the Dungeon
  3469 | D:5      | Reached XP level 6. HP: 36/57 MP: 6/6
  3984 | D:5      | Reached skill level 6 in Maces & Flails
  4005 | D:5      | Noticed a water moccasin
  4020 | D:5      | Killed a water moccasin
  4020 | D:5      | Reached XP level 7. HP: 47/64 MP: 7/7
  4459 | D:5      | Reached skill level 5 in Armour
  4671 | D:6      | Reached skill level 7 in Maces & Flails
  4748 | D:6      | Reached XP level 8. HP: 66/73 MP: 7/7
  4906 | D:6      | Reached skill level 5 in Fighting
  5273 | D:6      | Found a sacrificial altar of Ru.
  5463 | D:6      | Found an iron altar of Okawaru.
  5716 | D:7      | Noticed rchandra's ghost (novice SpNe)
  5739 | D:7      | Killed rchandra's ghost
  5739 | D:7      | Reached skill level 8 in Maces & Flails
  6067 | D:7      | Found a staircase to the Ecumenical Temple.
  6736 | D:8      | Noticed ASSMAN's ghost (novice HONe)
  6766 | D:8      | Reached skill level 9 in Maces & Flails
  6771 | D:8      | Gained mutation: You passively map the area around you. [Deep Dwarf growth]
  6771 | D:8      | Reached XP level 9. HP: 65/82 MP: 6/6
  6809 | D:8      | Reached **** piety under Trog
  6823 | D:8      | Killed ASSMAN's ghost
  6982 | D:8      | Reached skill level 10 in Maces & Flails
  7521 | D:9      | Found a stormy altar of Qazlal.
  7634 | D:9      | Reached XP level 10. HP: 65/94 MP: 4/4
  7658 | D:9      | Found a glowing golden altar of the Shining One.
  8012 | D:9      | Reached skill level 11 in Maces & Flails
  8137 | D:9      | Found a glowing golden altar of the Shining One.
  8336 | D:9      | Found a white marble altar of Elyvilon.
  8340 | D:9      | Found a snail-covered altar of Cheibriados.
  8343 | D:9      | Found a shadowy altar of Dithmenos.
  8441 | D:10     | Entered Level 10 of the Dungeon
  8708 | D:10     | Found a staircase to the Orcish Mines.
  8774 | D:10     | Found a staircase to the Lair.
  9314 | D:10     | Reached ***** piety under Trog
  9455 | D:10     | Received a gift from Trog
  9642 | D:10     | Noticed a wizard
  9646 | D:10     | Killed a wizard
  9646 | D:10     | Reached skill level 12 in Maces & Flails
 10067 | D:10     | Noticed a wizard
 10068 | D:10     | Noticed a wizard
 10101 | D:10     | Killed a wizard
 10101 | D:10     | Reached XP level 11. HP: 13/103 MP: 1/1
 10129 | D:10     | Killed from afar by a wizard

Action                   |  1- 3 |  4- 6 |  7- 9 | 10-12 || total
-------------------------+-------+-------+-------+-------++-------
Melee: Mace              |   146 |   185 |       |       ||   331
       Flail             |       |    32 |   518 |   206 ||   756
       Morningstar       |       |       |       |   332 ||   332
Invok: Berserk           |     1 |     2 |     5 |     6 ||    14
       Trog's Hand       |       |       |     8 |     7 ||    15
       Brothers in Arms  |       |       |     1 |     4 ||     5
 Abil: Device Recharging |       |       |     6 |     5 ||    11
Evoke: Wand              |     1 |     3 |    20 |    22 ||    46
 Stab: Distracted        |       |       |     1 |       ||     1
  Eat: Chunk             |     4 |     9 |     7 |     7 ||    27
       Bread ration      |       |       |     3 |     2 ||     5

Vault maps used:
D:1:      dpeg_arrival_refuge, monster_avoids_cloud
D:2:      trog_three_pillars_becter, uniq_robin, uniq_jessica
D:4:      nemelex_deck, first_bread, minmay_misc_feat_cross
D:6:      okawaru_altar_gauntlet_db, basic_altar, kennysheep_cross_room
D:7:      minmay_temple_entry_purple_smoke
D:8:      grunt_ogre_cave
D:9:      nicolae_tso_besieged_by_evil, nicolae_qazlal_general_emergency,
          minmay_overflow_temple_star_quad, basic_altar,
          kennysheep_pointless_box
D:10:     minmay_smoke_and_mirrors, lair_0_dummy, david_orc_4
